 Dungeon Crawl Stone Soup version 0.29.1-13-g9f3cf754e1 (webtiles) character file.

Game seed: 17632194288644808548

2580 hbarley the Cleaver (level 9, -28/79 HPs)
             Began as a Hill Orc Fighter on Jan 30, 2023.
             Was a Believer of the Shining One.
             Annihilated by a boulder beetle (52 damage)
             ... on level 7 of the Dungeon.
             The game lasted 00:17:13 (6852 turns).

hbarley the Cleaver (Hill Orc Fighter)              Turns: 6852, Time: 00:17:13

Health: -28/79     AC: 17    Str: 21    XL:     9   Next: 58%
Magic:  9/9        EV:  6    Int:  8    God:    the Shining One [**....]
Gold:   275        SH:  5    Dex: 12    Spells: 8/8 levels left

rFire   . . .      SeeInvis .   a - +0 war axe
rCold   . . .      Faith    .   c - +0 buckler
rNeg    + . .      Spirit   .   l - +0 plate armour
rPois   .          Reflect  .   A - +0 helmet
rElec   .          Harm     .   z - +0 cloak
rCorr   .          Rampage  .   (no gloves)
Will    .....                   m - +0 pair of boots
Stlth   ..........              (no amulet)
HPRegen 0.23/turn               (no ring)
MPRegen 0.11/turn               (no ring)

@: glowing
A: no striking features
a: Renounce Religion, Divine Shield


You were on level 7 of the Dungeon.
You worshipped the Shining One.
The Shining One was pleased with you.
You visited 1 branch of the dungeon, and saw 7 of its levels.

You collected 275 gold pieces.

Inventory:

Hand Weapons
 a - a +0 war axe (weapon)
Armour
 b - a +0 scale mail
 c - a +0 buckler (worn)
 l - a +0 plate armour (worn)
 m - a +0 pair of boots (worn)
 z - a +0 cloak (worn)
 A - a +0 helmet (worn)
Jewellery
 w - an amulet of faith
 C - an amulet of magic regeneration
Scrolls
 e - a scroll of magic mapping {unknown}
 h - 2 scrolls of poison {unknown}
 i - 2 scrolls of amnesia {unknown}
 k - 10 scrolls of identify {unknown}
 o - a scroll of vulnerability {unknown}
 p - 3 scrolls of fear {unknown}
 s - 3 scrolls of noise {unknown}
 t - 5 scrolls of teleportation {unknown}
 x - a scroll of enchant weapon {unknown}
 y - a scroll of fog {unknown}
Potions
 d - a potion of might
 f - a potion of cancellation {unknown}
 g - 6 potions of heal wounds {unknown}
 j - 3 potions of brilliance {unknown}
 n - 4 potions of flight {unknown}
 q - 2 potions of magic {unknown}
 r - 3 potions of curing {unknown}
 u - a potion of mutation {unknown}
 v - a potion of degeneration {unknown}
 B - 2 potions of lignification {unknown}
 D - a potion of resistance {unknown}


   Skills:
 + Level 7.1 Fighting
 + Level 12.2 Axes
 + Level 7.0 Armour
 + Level 1.5 Dodging
 + Level 0.5 Stealth
 + Level 5.0 Shields


You had 8 spell levels left.
You didn't know any spells.
Your spell library contained the following spells:

 Spells                   Type           Power      Damage    Failure   Level
 Summon Forest            Summ/Tloc      0%         N/A       100%        5
 Eringya's Noxious Bog    Tmut/Pois      0%         N/A       100%        6
 Summon Hydra             Summ           0%         N/A       100%        7


Dungeon Overview and Level Annotations

Branches:
Dungeon (7/15)             Temple (0/1) D:5

Altars:
Cheibriados
Kikubaaqudgha
Xom
The Shining One


Message History

The boulder beetle barely misses you.
You hit the boulder beetle but do no damage.
The boulder beetle is lightly wounded.
The boulder beetle bites you!!
You hit the boulder beetle.
The boulder beetle is lightly wounded.
You block the boulder beetle's attack.
You hit the boulder beetle but do no damage.
The boulder beetle is lightly wounded.
The boulder beetle bites you.
You slash the boulder beetle!
The boulder beetle is lightly wounded.
You block the boulder beetle's attack.
You hit the boulder beetle but do no damage.
The boulder beetle is lightly wounded.
The boulder beetle barely misses you.
You hit the boulder beetle.
The boulder beetle is lightly wounded.
The boulder beetle bites you!
You hit the boulder beetle.
The boulder beetle is moderately wounded.
The boulder beetle bites you but does no damage.
You hit the boulder beetle.
The boulder beetle is moderately wounded.
The boulder beetle bites you!
You hit the boulder beetle.
The boulder beetle is moderately wounded.
The boulder beetle attacks as you move away!
The boulder beetle bites you.
The boulder beetle curls into a ball and begins rolling!
The boulder beetle attacks as you move away!
The boulder beetle closely misses you.
The boulder beetle stops rolling and uncurls.
The boulder beetle attacks as you move away!
The boulder beetle bites you.
* * * LOW HITPOINT WARNING * * *
The boulder beetle curls into a ball and begins rolling!
The boulder beetle hits you!!!
Ouch! That really hurt!
You die...

#.#.# #.. #.#.# #.# #.#
#.#.# #.# #.# #.#.# #.# #.#
# ###.#.# #.# # ###.##.....#
#.# # .........### #.# ### #
####.#...#######.####.. #
.........°°○B@......#.# #
####.##.########.##.#.# #
... #.# #.....#.##### #
##.###.#######..####.....# #
#..................####.####
#.###.......................
###.......####.####.####
#.#####.# #.####.#
#............(# #.[....#


You could see a boulder beetle (rolling).

Vanquished Creatures
  Grinder (D:4)
  Eustachio (D:6)
  3 water moccasins (D:5)
  A black bear (D:6)
  An ice beast (D:5)
  4 ogres
  A centaur (D:5)
  2 kobold brigands (D:5)
  A bullfrog (D:6)
  3 scorpions
  2 necrophages (D:6)
  3 hounds
  3 jellies
  3 gnoll boudas
  5 iguanas
  An orc wizard (D:6)
  12 adders
  14 gnolls
  A shadow imp (D:6)
  A white imp (D:7)
  2 ufetubi
  A worm (D:1)
  5 dart slugs
  8 orcs
  14 endoplasms
  7 giant cockroaches
  12 hobgoblins
  6 jackals
  3 quokkas
  7 ball pythons
  6 bats
  2 frilled lizards
  9 goblins
  19 kobolds
  9 rats
  2 butterflies (D:5)
175 creatures vanquished.

Notes
Turn   | Place    | Note
-------+----------+-------------------------------------------
     0 | D:1      | hbarley the Hill Orc Fighter began the quest for the Orb.
     0 | D:1      | Reached XP level 1. HP: 19/19 MP: 1/1
     1 | D:1      | Found a runed translucent door.
     2 | D:1      | Noticed a jelly
    78 | D:1      | Reached XP level 2. HP: 25/27 MP: 2/2
    85 | D:1      | Reached skill level 3 in Axes
   570 | D:1      | Reached XP level 3. HP: 13/33 MP: 3/3
  1280 | D:1      | Reached skill level 4 in Axes
  1280 | D:1      | Reached XP level 4. HP: 7/40 MP: 4/4
  1699 | D:2      | Reached XP level 5. HP: 45/47 MP: 5/5
  1817 | D:2      | Reached skill level 5 in Axes
  2300 | D:3      | Found a glowing golden altar of the Shining One.
  2304 | D:3      | Became a worshipper of the Shining One
  2493 | D:3      | Found a faded altar of an unknown god.
  2502 | D:3      | Noticed an ogre
  2523 | D:3      | Killed an ogre
  2526 | D:3      | Reached XP level 6. HP: 40/53 MP: 6/6
  3224 | D:4      | Reached skill level 6 in Axes
  3257 | D:4      | Reached skill level 1 in Dodging
  3425 | D:4      | Noticed Grinder
  3431 | D:4      | Paralysed by Grinder for 2 turns
  3438 | D:4      | Killed Grinder
  3439 | D:4      | Reached skill level 5 in Fighting
  3439 | D:4      | Reached skill level 7 in Axes
  3439 | D:4      | Reached skill level 5 in Armour
  3439 | D:4      | Reached XP level 7. HP: 55/61 MP: 7/7
  3603 | D:4      | Found an ancient bone altar of Kikubaaqudgha.
  3722 | D:4      | HP: 3/61 [ogre/+0 giant club (16)]
  3725 | D:4      | Reached skill level 8 in Axes
  4298 | D:5      | Entered Level 5 of the Dungeon
  4298 | D:5      | Reached * piety under the Shining One
  4309 | D:5      | Reached XP level 8. HP: 35/69 MP: 8/8
  4468 | D:5      | Found a staircase to the Ecumenical Temple.
  4480 | D:5      | Reached skill level 9 in Axes
  4491 | D:5      | Found a shimmering altar of Xom.
  4860 | D:5      | Reached skill level 10 in Axes
  5278 | D:5      | Reached XP level 9. HP: 75/75 MP: 9/9
  5487 | D:5      | Reached skill level 11 in Axes
  6205 | D:6      | Noticed Eustachio
  6205 | D:6      | Reached ** piety under the Shining One
  6233 | D:6      | Killed Eustachio
  6234 | D:6      | Reached skill level 12 in Axes
  6264 | D:6      | Found a snail-covered altar of Cheibriados.
  6490 | D:7      | Reached skill level 5 in Shields
  6673 | D:7      | Noticed a boulder beetle
  6852 | D:7      | Annihilated by a boulder beetle

Illustrated notes

Levels and vault maps discovered:
D:1:      dpeg_arrival_caged_fury, layout_basic
D:2:      layout_rooms
D:3:      minmay_octagon_keep, layout_rooms, mainiacjoe_overflow_24_doors,
          hellmonk_ecumenical_altar_run_dry, nicolae_titane
D:4:      layout_rooms, lemuel_round_altar, uniq_grinder
D:5:      minmay_inner_zag, layout_basic, xom_butterflies,
          minmay_temple_entry_slanted
D:6:      layout_rooms, mainiacjoe_overflow_surrounded_room, st_stairs_8,
          uniq_eustachio
D:7:      layout_basic, nicolae_underground_beach

Skill      XL: |  1  2  3  4  5  6  7  8  9 |
---------------+----------------------------+-----
Axes           | 3 4 5 7 8 10 12 | 12.2
Fighting       | 4 5 6 7 |  7.1
Armour         | 4 5 6 7 |  7.0
Dodging        | 1 |  1.5
Shields        | 4 5 |  5.0
Stealth        | |  0.5

Action                   |  1- 3 |  4- 6 |  7- 9 || total
-------------------------+-------+-------+-------++-------
Melee: War axe           |    64 |   199 |   246 ||   509
  Use: Potion            |       |       |     1 ||     1
Armor: Scale mail        |    22 |       |       ||    22
       Plate armour      |    12 |   161 |   116 ||   289
Dodge: Dodged            |    25 |    58 |    48 ||   131
Block: Buckler           |    14 |    49 |    55 ||   118
